cohdb
Replays
Latest Replays
All Replays
Popular Replays
Top Player Replays
Match Explorer
How It Works
Community
CoH3 Stats
Reddit
Sign in to upload your games and track your stats! →
Sign in with Steam
Match 41520395
Unlisted
Match 41520395
Overview
Messages
Build Orders
End
Panzergrenadier Squad
Selects Battlefield Espionage Battlegroup
Panzergrenadier Squad
Construct Light Support Kompanie
MG34 Team
MG34 Team
2.5-tonne Medical Truck
Selects Intel Disruption Beacon
Fire Support Elements
Construct Panzerarmee Kommand
Forward Retreat Point
Walking Stuka Rocket Launcher
Panzergrenadier Squad
Armored Reserves
Selects Plunder
Selects Firestorm
Firestorm
Tiger Heavy Tank
BES2
Eplestilk
ixo4567
Clara
ZmiO
ToXa
szwed
General Winter
0
0
Comments
sign in to comment!
No comments posted yet!